 Dungeon Crawl Stone Soup version 0.19-a0-1908-g43c011f (webtiles) character file.

23432 Promi the Destroyer (level 12, -6/101 HPs)
             Began as a Grey Draconian Conjurer on Oct 22, 2016.
             Was a High Priest of Sif Muna.
             Engulfed by a fire crab's flame (13 damage)
             ... on level 3 of the Lair of Beasts.
             The game lasted 01:41:09 (24077 turns).

Promi the Destroyer (Grey Draconian Conjurer)      Turns: 24077, Time: 01:41:09

Health: -6/101     AC: 16    Str: 10 (11) XL:     12   Next: 71%
Magic:  9/34       EV: 16    Int: 19      God:    Sif Muna [*****.]
Gold:   791        SH:  0    Dex: 13      Spells: 7 memorised, 5 levels left

rFire  . . .     SeeInvis .     D - +9 sword of Zonguldrok {reap}
rCold  . . .     Gourm    .     (armour unavailable)
rNeg   . . .     Faith    .     (no shield)
rPois  .         Spirit   .     (helmet restricted)
rElec  .         Reflect  .     q - +1 cloak
rCorr  .         Harm     .     B - +0 pair of gloves
MR     +....                    (no boots)
Stlth  ++........               (no amulet)
                                v - ring of magical power
                                h - ring of protection from magic

@: very slightly contaminated
A: walk through water, unfitting armour, unbreathing, cold-blooded, AC +13
a: Divine Energy, Channel Magic, Forget Spell, Renounce Religion


You were on level 3 of the Lair of Beasts.
You worshipped Sif Muna.
Sif Muna was extremely pleased with you.
You were very hungry.

You visited 3 branches of the dungeon, and saw 16 of its levels.

You collected 946 gold pieces.
You spent 155 gold pieces at shops.

Inventory:

Hand Weapons
 D - the +9 sword of Zonguldrok (weapon) {reap}
   (You found it on level 9 of the Dungeon)

   If a monster killed with it leaves a corpse in good enough shape, the corpse
   will be animated as a zombie friendly to the killer.
 E - a cursed -3 dagger
Armour
 q - a +1 cloak (worn)
 B - a +0 pair of gloves (worn)
Jewellery
 h - a ring of protection from magic (left hand)
 m - an uncursed ring of fire
 n - an uncursed ring of resist corrosion
 v - a ring of magical power (right hand)
 x - an uncursed ring of protection from cold
Wands
 i - a wand of teleportation (5/9)
 z - a wand of hasting (4/9)
Scrolls
 c - 3 scrolls of recharging
 d - 11 scrolls of identify
 g - 2 scrolls of magic mapping
 j - 2 scrolls of teleportation
 w - 4 scrolls of remove curse
 H - a scroll of amnesia
 J - 2 scrolls of blinking
 O - 2 scrolls of enchant weapon
Potions
 e - a potion of agility
 f - 4 potions of curing
 o - a potion of flight
 s - 3 potions of might
 C - a potion of cancellation
Books
 a - Bithudwi's Catalogue of Unholy Rites and Attacks
   (Sif Muna gifted it to you on level 2 of the Lair of Beasts)

   Spells                             Type                      Level
   a - Throw Flame                    Conjuration/Fire             2
   b - Throw Frost                    Conjuration/Ice              2
   c - Stone Arrow                    Conjuration/Earth            3
   d - Irradiate                      Conjuration/Transmutation    5
   e - Poison Arrow                   Conjuration/Poison           6
   f - Bolt of Fire                   Conjuration/Fire             6
   g - Borgnjor's Revivification      Necromancy                   8
 k - a book of Frost

   Spells                             Type                      Level
   a - Freeze                         Ice                          1
   b - Throw Frost                    Conjuration/Ice              2
   c - Ozocubu's Armour               Charms/Ice                   3
   d - Throw Icicle                   Conjuration/Ice              4
   e - Summon Ice Beast               Ice/Summoning                4
 L - Sif Muna's Volume of Assistive Earth
   (Sif Muna gifted it to you on level 12 of the Dungeon)

   Spells                             Type                      Level
   a - Infusion                       Charms                       1
   b - Song of Slaying                Charms                       2
   c - Iskenderun's Battlesphere      Conjuration/Charms           5
   d - Iron Shot                      Conjuration/Earth            6
   e - Death's Door                   Charms/Necromancy            8
Comestibles
 b - 6 bread rations
 l - 21 fruits
 r - a beef jerky
 t - 2 slices of pizza
 u - 7 meat rations


   Skills:
 + Level 7.7 Fighting
 + Level 6.7 Dodging
 - Level 2.0 Stealth
 * Level 9.6 Spellcasting
 * Level 11.0 Conjurations
 - Level 7.0 Hexes
 - Level 7.0 Charms
 - Level 7.5 Earth Magic


You had 5 spell levels left.
You knew the following spells:

 Your Spells              Type           Power        Failure   Level  Hunger
a - Magic Dart            Conj           ####         1%          1    None
b - Searing Ray           Conj           ######       1%          2    None
c - Dazzling Spray        Conj/Hex       #####.       1%          3    None
d - Iskenderun's Mystic   Conj           ######..     1%          4    ###....
e - Fulminant Prism       Conj/Hex       #####.....   1%          4    ###....
f - Iskenderun's Battles  Conj/Chrm      #####...     8%          5    #####..
g - Iron Shot             Conj/Erth      #####.....   28%         6    ######.


Dungeon Overview and Level Annotations

Branches:
Dungeon (12/15)            Temple (1/1) D:7            Lair (3/6) D:11
  Swamp (0/4) Lair:3        Snake (0/4) Lair:3          Orc (0/2) D:10

Altars:
Ashenzari
Cheibriados
Dithmenos
Elyvilon
Fedhas
Gozag
Hepliaklqana
Kikubaaqudgha
Makhleb
Nemelex Xobeh
Okawaru
Qazlal
Ru
Sif Muna
Trog
Uskayaw
Vehumet
Xom
Yredelemnul
Zin
The Shining One

Shops:
D:7 *   D:10 ([?

Annotations:
D:5 Prince Ribbit
D:8 Maurice


Innate Abilities, Weirdness & Mutations

You can walk through water.
Your dull iron-grey scales are very hard. (AC +13)
You cannot fit into any form of body armour.
You can survive without breathing.
You are cold-blooded and may be slowed by cold attacks.


Message History

Casting: Searing Ray
Confirm with . or Enter, or press ? or * to list all spells.
Aiming: Searing Ray
Press: ? - help, Shift-Dir - straight line, f/p - fire crab
Aim: a fire crab (flame, almost dead)
The searing ray hits the fire crab.
The fire crab is almost dead.
You are engulfed in roaring flames.
* * * LOW HITPOINT WARNING * * *
The fire crab bites you but does no damage.
The fire crab misses you.
Okay, then.
The searing ray hits the fire crab.
The fire crab is almost dead.
The fire crab breathes flames at you. The blast of flame engulfs you!
The searing ray hits the fire crab.
The fire crab is almost dead.
You are engulfed in roaring flames.
You die...

...##### ...#≈
.#..#####....≈≈≈≈..###
......<.....≈≈≈≈#.#.P#
............≈≈≈≈#....
...#....P..P≈≈≈.#...
..........P........ #
..........#.......####..P
....P..#..#.............#
.#.#....#......t@<......#
...................#P....
.###P.............## ...
####..............# #
.......##.#........
......#. .........##
P...P####.........#
...<(..............
..............


You could see a fire crab.

Vanquished Creatures
  A hydra (Lair:1)
  Sonja (Lair:2)
  An unseen horror (D:12)
  A hill giant (D:10)
  A necromancer (Lair:3)
  Joseph (D:7)
  2 black mambas
  A gargoyle (D:11)
  3 komodo dragons
  5 spiny frogs
  An efreet (D:10)
  A rime drake (Lair:3)
  A two-headed ogre (D:9)
  A hornet (D:12)
  A troll (D:11)
  2 dream sheep (D:9)
  5 blink frogs (Lair:2)
  6 hippogriffs
  A shadow (D:12)
  30 yaks
  Grum (D:8)
  A hungry ghost (D:8)
  2 basilisks
  2 wargs (D:11)
  3 water moccasins
  Duvessa (D:6)
  8 orc warriors
  3 porcupines (Lair:1)
  2 sky beasts
  An ice beast (D:8)
  4 phantoms
  2 black bears (D:7)
  8 ogres
  4 centaurs
  5 wolves
  10 crocodiles
  3 big kobolds
  Blork the orc (D:4)
  A wyvern zombie (D:10)
  7 bullfrogs
  Dowan (D:6)
  3 scorpions
  A water moccasin skeleton (D:6)
  8 killer bees
  7 crimson imps
  3 bullfrog zombies
  A centaur zombie (D:7)
  A quasit (D:9)
  5 jellies
  Crazy Yiuf (D:5)
  2 centaur skeletons
  3 hounds
  9 orc priests
  3 bullfrog skeletons
  4 iguanas
  6 worker ants
  14 orc wizards
  A polar bear simulacrum (Lair:3)
  6 wolf simulacra (Lair:3)
  2 killer bee zombies (D:7)
  2 hound zombies (D:8)
  2 howler monkey skeletons
  4 gnolls (D:5)
  10 adders
  3 shadow imps
  An ooze (D:2)
  An adder zombie (D:5)
  An adder skeleton (D:6)
  6 worms
  4 leopard geckos
  48 orcs
  2 ball pythons
  7 giant cockroaches
  7 goblins
  7 hobgoblins
  13 jackals
  3 quokkas
  8 bats
  10 frilled lizards
  2 jackal zombies (D:5)
  12 kobolds
  A leopard gecko skeleton (D:4)
  A leopard gecko zombie (D:6)
  A quokka skeleton (D:5)
  6 rats
  4 river rat simulacra (Lair:3)
  A fungus (Lair:2)
383 creatures vanquished.

Vanquished Creatures (collateral kills)
  A spiny frog (Lair:1)
  A komodo dragon (Lair:2)
  A hippogriff (Lair:3)
  3 yaks
  An ogre (D:10)
  A crocodile (Lair:3)
  2 orc wizards
  An iguana (D:11)
  5 orcs
16 creatures vanquished.

Vanquished Creatures (others)
  An orc warrior (D:10)
  A worker ant (D:10)
  49 fulminant prisms
  A fungus (Lair:1)
52 creatures vanquished.

Grand Total: 451 creatures vanquished

Notes
Turn   | Place    | Note
-------+----------+-------------------------------------------
     0 | D:1      | Promi the Draconian Conjurer began the quest for the Orb.
     0 | D:1      | Reached XP level 1. HP: 14/14 MP: 3/3
   313 | D:1      | Reached XP level 2. HP: 20/20 MP: 0/5
   806 | D:1      | Learned a level 2 spell: Searing Ray
  1249 | D:2      | Found a faded altar of an unknown god.
  1466 | D:2      | Reached XP level 3. HP: 27/27 MP: 1/6
  1471 | D:2      | Learned a level 3 spell: Dazzling Spray
  2202 | D:2      | Reached skill level 1 in Fighting
  2552 | D:3      | Reached XP level 4. HP: 35/35 MP: 3/7
  2677 | D:3      | Reached skill level 5 in Conjurations
  3729 | D:3      | Reached XP level 5. HP: 31/40 MP: 3/9
  4694 | D:4      | Found a deep blue altar of Sif Muna.
  4699 | D:4      | Became a worshipper of Sif Muna the Loreminder
  4709 | D:4      | Found a burning altar of Makhleb.
  4790 | D:4      | Noticed Blork the orc
  4792 | D:4      | Found a hazy altar of Hepliaklqana.
  4799 | D:4      | Killed Blork the orc
  5442 | D:5      | Entered Level 5 of the Dungeon
  5531 | D:5      | Reached XP level 6. HP: 26/48 MP: 4/10
  6190 | D:5      | Reached skill level 6 in Conjurations
  6899 | D:5      | Found a runed door.
  6903 | D:5      | Noticed Crazy Yiuf
  6909 | D:5      | Killed Crazy Yiuf
  6909 | D:5      | Your scales start taking on a dull iron-grey colour.
  6909 | D:5      | Reached XP level 7. HP: 11/56 MP: 4/12
  6909 | D:5      | Gained mutation: You can survive without breathing. [Grey Draconian growth]
  7221 | D:6      | Noticed Prince Ribbit
  7731 | D:6      | Learned a level 4 spell: Iskenderun's Mystic Blast
  7736 | D:6      | Learned a level 4 spell: Fulminant Prism
  7922 | D:6      | Noticed Dowan
  7923 | D:6      | Noticed Duvessa
  8536 | D:6      | Reached * piety under Sif Muna
  8536 | D:6      | Reached skill level 1 in Hexes
  9124 | D:6      | Reached XP level 8. HP: 63/63 MP: 10/14
  9144 | D:6      | Killed Duvessa
  9158 | D:6      | Killed Dowan
  9663 | D:6      | Reached skill level 5 in Hexes
 10448 | D:7      | Noticed a hippogriff
 10460 | D:7      | Killed a hippogriff
 10771 | D:7      | Reached ** piety under Sif Muna
 10926 | D:7      | Found a staircase to the Ecumenical Temple.
 10954 | D:7      | Reached XP level 9. HP: 59/70 MP: 4/15
 11043 | Temple   | Entered the Ecumenical Temple
 11250 | D:7      | Reached skill level 7 in Conjurations
 11425 | D:7      | Found Hotishay's Assorted Antiques.
 11430 | D:7      | Bought a scroll labeled ZUMUOBB TEWK for 32 gold pieces
 11430 | D:7      | Bought a scroll labeled JOLOGI DEOSCHEK for 32 gold pieces
 11430 | D:7      | Bought a viscous ruby potion for 28 gold pieces
 11886 | D:8      | Reached skill level 5 in Spellcasting
 11978 | D:8      | Noticed Joseph
 12517 | D:8      | Noticed Maurice
 12526 | D:8      | Reached skill level 8 in Conjurations
 12589 | D:7      | Learned a level 5 spell: Iskenderun's Battlesphere
 12693 | D:8      | Reached skill level 1 in Charms
 12855 | D:8      | Reached *** piety under Sif Muna
 13225 | D:8      | Noticed Grum
 13304 | D:7      | Killed Joseph
 13304 | D:7      | Reached XP level 10. HP: 36/80 MP: 2/18
 13534 | D:8      | Reached skill level 5 in Charms
 14078 | D:8      | Killed Grum
 15228 | D:9      | Reached **** piety under Sif Muna
 15511 | D:9      | Reached skill level 5 in Fighting
 15540 | D:9      | Noticed a two-headed hydra
 15921 | D:10     | Entered Level 10 of the Dungeon
 15929 | D:10     | Found Jafyfup's Weapon Boutique.
 15929 | D:10     | Noticed a hill giant
 15937 | D:9      | Reached skill level 5 in Dodging
 16219 | D:10     | Noticed a hill giant
 16226 | D:10     | Killed a hill giant
 16226 | D:10     | Reached skill level 9 in Conjurations
 16382 | D:9      | Reached XP level 11. HP: 88/88 MP: 21/21
 16416 | D:10     | Found a staircase to the Orcish Mines.
 16419 | D:10     | Found Gacexoub's Armour Boutique.
 16451 | D:10     | Bought a +0 pair of gloves for 63 gold pieces
 16859 | D:10     | Found Xunan's Magic Scroll Shoppe.
 18299 | D:11     | Found a staircase to the Lair.
 19192 | D:11     | Reached ***** piety under Sif Muna
 19329 | D:12     | Identified Sif Muna's Volume of Assistive Earth (Sif Muna gifted it to you on level 12 of the Dungeon)
 19329 | D:12     | Received a gift from Sif Muna
 19473 | D:12     | Killed an unseen horror
 19473 | D:12     | Reached skill level 10 in Conjurations
 19736 | D:12     | Noticed a five-headed hydra
 19890 | D:11     | Learned a level 6 spell: Iron Shot
 19891 | Lair:1   | Entered Level 1 of the Lair of Beasts
 19908 | Lair:1   | Reached skill level 1 in Earth Magic
 20443 | Lair:1   | Noticed a seven-headed hydra
 20454 | Lair:1   | Killed a seven-headed hydra
 20454 | Lair:1   | Reached skill level 5 in Earth Magic
 20748 | Lair:1   | Reached XP level 12. HP: 89/97 MP: 24/24
 21597 | Lair:2   | Noticed Sonja
 21602 | Lair:2   | Killed Sonja
 22196 | Lair:2   | Identified Bithudwi's Catalogue of Unholy Rites and Attacks (Sif Muna gifted it to you on level 2 of the Lair of Beasts)
 22196 | Lair:2   | Received a gift from Sif Muna
 22925 | Lair:3   | Found a staircase to the Snake Pit.
 22935 | Lair:3   | Found a staircase to the Swamp.
 23635 | Lair:3   | Reached skill level 11 in Conjurations
 24077 | Lair:3   | Engulfed by a fire crab's flame

Vault maps used:
D:1:      dpeg_arrival_water_temple_mockup
D:2:      ecumenical_altar_2
D:4:      lemuel_crystal_altar, amethyst_overflow_temple_binary, first_bread,
          uniq_blork_the_orc
D:5:      serial_curves, eino_curves_01, eino_curves_03, uniq_crazy_yiuf_cottage
D:6:      serial_co_window_serial, co_window_corner_a, co_window_cross_1,
          co_window_paths_a, co_window_of_opportunity_a, co_window_corner_a,
          co_window_corner_b, co_window_2corner, co_window_corner_ca,
          co_window_paths_c, co_window_2corner, co_window_cross_2,
          co_window_paths_e, glass_columns_b, uniq_duvessa, uniq_prince_ribbit1
D:7:      serial_shops, shop
D:8:      uniq_joseph, uniq_maurice, uniq_grum
D:9:      hangedman_ranch, onia_ninara_dug_in_and_dangerous
D:10:     orc_david_3, serial_shops, shop_fountains
D:11:     erik_lair_orcish_takeover
D:12:     serial_shops, shop
Temple:   compressed_dpeg_circular_temple
Lair:2:   st_stairs_13, uniq_sonja
Lair:3:   minmay_swamp_entry_worms, minmay_snake_entry_spellcaster,
          eino_house_with_fridge, lemuel_fruit_tree

Skill      XL: |  1  2  3  4  5  6  7  8  9 10 11 12 |
---------------+-------------------------------------+-----
Dodging        | 2 3 4 5 6 |  6.7
Stealth        | 2 |  2.0
Fighting       | 1 2 3 4 5 6 7 |  7.7
Conjurations   | 5 6 8 9 10 11 | 11.0
Spellcasting   | 3 4 5 6 8 9 |  9.6
Hexes          | 3 7 |  7.0
Charms         | 4 7 |  7.0
Earth Magic    | 6 7 |  7.5

Action                   |  1- 3 |  4- 6 |  7- 9 | 10-12 || total
-------------------------+-------+-------+-------+-------++-------
Melee: Unarmed           |    20 |       |       |       ||    20
       Dagger            |       |   236 |   192 |    21 ||   449
       Tailslap          |       |    17 |    20 |    52 ||    89
       Double sword      |       |       |       |   318 ||   318
 Cast: Magic Dart        |    71 |    26 |    45 |    72 ||   214
       Searing Ray       |     7 |    22 |    85 |    35 ||   149
       Iskenderun's Myst |       |       |     5 |    26 ||    31
       Dazzling Spray    |       |       |     2 |     3 ||     5
       Fulminant Prism   |       |       |    10 |    39 ||    49
       Iskenderun's Batt |       |       |       |    18 ||    18
       Iron Shot         |       |       |       |     1 ||     1
Evoke: Wand              |       |       |       |     2 ||     2
  Use: Scroll            |       |     7 |     8 |     5 ||    20
       Potion            |       |     5 |     8 |     2 ||    15
 Stab: Sleeping          |     1 |     1 |     1 |       ||     3
       Invisible         |       |       |       |     1 ||     1
  Eat: Chunk             |     6 |    16 |    24 |    25 ||    71
       Fruit             |       |       |     1 |    10 ||    11
       Pizza             |       |       |       |    10 ||    10
Armor: Skin              |    10 |    96 |   209 |   227 ||   542
Dodge: Dodged            |    25 |   223 |   344 |   420 ||  1012
       Rpst.: Double sword |       |       |       |   102 ||   102
